 Dungeon Crawl Stone Soup version 0.26-b1-32-g5d43845318 (webtiles) character file.

Game seed: 10827528747404811288

122256 night the Brawler (level 16, -7/151 HPs)
             Began as a Demonspawn Gladiator on Jan 11, 2021.
             Was the Champion of Lugonu.
             Mangled by a sun demon (11 damage)
             ... summoned by an orc high priest
             ... on level 2 of the Orcish Mines on Jan 12, 2021.
             The game lasted 01:42:46 (37116 turns).

night the Brawler (Demonspawn Gladiator)           Turns: 37116, Time: 01:42:47

Health: -7/151     AC: 22    Str: 17    XL:     16   Next: 34%
Magic:  0/32       EV:  7    Int: 18    God:    Lugonu [******]
Gold:   2389       SH:  0    Dex: 15    Spells: 15/15 levels left

rFire    + . .     SeeInvis +     - Unarmed
rCold    + + +     Faith    .   (no shield)
rNeg     . . .     Spirit   +   Z - +3 plate armour {rC+}
rPois    .         Reflect  .   (helmet unavailable)
rElec    +         Harm     .   l - +0 cloak of Poor Excuses {Int+6}
rCorr    .         Rampage  .   e - +0 pair of gloves
Will     +....                  E - +2 pair of boots
Stlth    ..........             M - amulet of regeneration
HPRegen  2.75/turn              q - ring "Wecleud" {rElec rC++ MP+9 Int-2}
MPRegen  0.46/turn              t - ring of protection from fire

@: no status effects
A: antennae 3, cold resistance 1, powered by death 2, robust 1, wild magic 2,
magic shield, magic regeneration, sharp scales 2
a: Renounce Religion, Depart the Abyss, Bend Space, Banish, Corrupt, Enter the
Abyss, Brand Weapon With Distortion


You were on level 2 of the Orcish Mines.
You worshipped Lugonu.
Lugonu was exalted by your worship.
You visited 3 branches of the dungeon, and saw 23 of its levels.
You visited the Abyss 1 time.
You also visited: Ossuary, Ice Cave and Volcano.

You collected 2862 gold pieces.
You spent 473 gold pieces at shops.

Inventory:

Hand Weapons
 b - a +2 longbow of flaming
Missiles
 c - 5 throwing nets (quivered)
 k - 19 boomerangs
 y - 13 poisoned darts
 J - 4 silver boomerangs
 Q - 466 arrows
Armour
 e - a +0 pair of gloves (worn)
 l - the +0 cloak of Poor Excuses (worn) {Int+6}
   (You found it in an ice cave)

   It affects your intelligence (+6).
 E - a +2 pair of boots (worn)
 F - a +3 scale mail of fire resistance
 P - a +2 ring mail of poison resistance
 W - the +5 ring mail "Koiw" {Int+3}
   (You found it on level 13 of the Dungeon)

   It affects your intelligence (+3).
 Z - a +3 plate armour of cold resistance (worn)
Jewellery
 q - the ring "Wecleud" (left hand) {rElec rC++ MP+9 Int-2}
   (You found it on level 15 of the Dungeon)

   [ring of magical power]

   It affects your intelligence (-2).
   It greatly protects you from cold.
   It insulates you from electricity.
   It affects your magic capacity (+9).
 t - a ring of protection from fire (right hand)
 B - an uncursed ring of wizardry
 I - a +4 ring of evasion
 M - an amulet of regeneration (around neck)
 R - a +4 ring of protection
 S - an uncursed ring of magical power
 Y - a +4 ring of protection
Wands
 a - a wand of enslavement (14)
 r - a wand of digging (10)
 x - a wand of disintegration (55)
Scrolls
 d - 17 scrolls of identify
 f - 14 scrolls of teleportation
 i - 11 scrolls of amnesia
 j - a scroll of fear
 v - 7 scrolls of fog
 C - 5 scrolls of blinking
 D - 3 scrolls of magic mapping
 G - 11 scrolls of remove curse
 K - a scroll of enchant weapon
 L - 4 scrolls of enchant armour
 N - 3 scrolls of immolation
 T - a scroll of brand weapon
 V - a scroll of silence
 X - a scroll of torment {unknown}
Potions
 g - 4 potions of brilliance
 h - 2 potions of berserk rage
 m - 5 potions of flight
 n - 3 potions of haste
 o - 8 potions of cancellation
 p - 4 potions of lignification
 s - 3 potions of magic
 u - 5 potions of resistance
 w - 7 potions of attraction
 z - 5 potions of curing
 A - 2 potions of ambrosia
 H - 9 potions of heal wounds
Miscellaneous
 O - a tin of tremorstones (2/2)
 U - a phial of floods


   Skills:
 + Level 15.9 Fighting
 + Level 8.6 Bows
 - Level 1.7 Throwing
 + Level 4.7 Armour
 + Level 5.5 Dodging
 * Level 18.1 Unarmed Combat
 - Level 10.0 Invocations


You had 15 spell levels left.
You didn't know any spells.
Your spell library contained the following spells:

 Spells                   Type           Power        Failure   Level
 Freeze                   Ice            0%           100%        1
 Magic Dart               Conj           0%           100%        1
 Sting                    Tmut/Pois      0%           100%        1
 Summon Small Mammal      Summ           0%           100%        1
 Blink                    Tloc           N/A          100%        2
 Call Imp                 Summ           0%           100%        2
 Poisonous Vapours        Pois/Air       0%           100%        2
 Slow                     Hex            0%           100%        2
 Sublimation of Blood     Necr           0%           100%        2
 Call Canine Familiar     Summ           0%           100%        3
 Confusing Touch          Hex            0%           100%        3
 Conjure Flame            Conj/Fire      0%           100%        3
 Frozen Ramparts          Ice            0%           100%        3
 Gell's Gravitas          Tloc           0%           100%        3
 Ignite Poison            Fire/Tmut/Pois 0%           100%        3
 Mephitic Cloud           Conj/Pois/Air  0%           100%        3
 Ozocubu's Armour         Ice            0%           100%        3
 Summon Guardian Golem    Hex/Summ       0%           100%        3
 Hailstorm                Conj/Ice       0%           100%        4
 Olgreb's Toxic Radiance  Pois           0%           100%        4
 Petrify                  Tmut/Erth      0%           100%        4
 Summon Ice Beast         Ice/Summ       0%           100%        4
 Summon Lightning Spire   Summ/Air       0%           100%        4
 Alistair's Intoxication  Tmut/Pois      0%           100%        5
 Bolt of Magma            Conj/Fire/Erth 0%           100%        5
 Irradiate                Conj/Tmut      0%           100%        5
 Iskenderun's Battlesphe  Conj           0%           100%        5
 Metabolic Englaciation   Hex/Ice        0%           100%        5
 Yara's Violent Unravell  Hex/Tmut       0%           100%        5
 Eringya's Noxious Bog    Tmut/Pois      0%           100%        6
 Iron Shot                Conj/Erth      0%           100%        6
 Orb of Destruction       Conj           0%           100%        7
 Spellforged Servitor     Conj/Summ      0%           100%        7


Dungeon Overview and Level Annotations

Branches:
Dungeon (15/15)            Temple (0/1) D:6            Lair (6/6) D:11
 Shoals (0/4) Lair:4        Snake (0/4) Lair:4        Slime (0/5) Lair:6
    Orc (2/2) D:12            Elf (0/3) Orc:2        Vaults (0/5) D:14
 Depths (0/5) D:15        Ossuary (visited)           IceCv (visited)
Volcano (visited)

Altars:
Ashenzari
Dithmenos
Qazlal
Sif Muna
Trog
Vehumet
Xom
Yredelemnul
Jiyva
Lugonu

Shops:
D:8 [   D:10 [   Orc:2 *

Annotations:
D:6 1 runed translucent door, roguesci's ghost, novice VSTm
D:10 1 runed translucent door
D:12 4 runed translucent doors
Lair:6 1 runed translucent door
Orc:2 2 runed translucent doors, exclusion: orange crystal statue
Abyss:1 Nessos


Innate Abilities, Weirdness & Mutations

You have a pair of large antennae on your head. (SInv)
You regenerate health from kills.
You are robust. (+10% HP)
When hurt, damage is shared between your health and your magic reserves.
You regenerate magic rapidly.
You are mostly covered in razor-sharp scales. (AC +2, Slay +2)
Your flesh is cold resistant. (rC+)
Your spells are harder to cast, but more powerful.


Message History

The orc high priest utters an invocation to Beogh.
The orc knight roars a battlecry!
You punch the sun demon!
The sun demon is moderately wounded.
The orc priest casts a cantrip, but nothing happens.
The orc warrior hits you with a +0 scimitar.
* * * LOW HITPOINT WARNING * * *
The orc knight hits you from afar with a +0 bardiche!!
* * * LOW HITPOINT WARNING * * *
You feel much better.
The sun demon hits you but does no damage.
An orc warrior comes into view. It is wielding a +0 scimitar.
The orc high priest mumbles some strange prayers to Beogh against you.
Beogh smites you!
* * * LOW HITPOINT WARNING * * *
An orc high priest comes into view. It is wielding a -3 long sword.
The orc warrior hits you with a +0 scimitar!!
* * * LOW HITPOINT WARNING * * *
The sun demon hits you!
You die... .# .# ...#oo.# .. ## #........ ..# #...#oo.# .. #...oo3{.. #..#oo4#. ..ooo{

##o#3##
#.ooo@#
###3#3###
#.......##
#..#...#..#
#.........##
#...#...#...#
#...........##
.
....#...#....#
.............#


You could see 4 orc knights, 3 orc high priests, a sun demon (summoned), a
hellwing (summoned), a sixfirhy (summoned), a smoke demon (summoned), a ynoxinul
(summoned), 6 orc warriors, an orc priest (strong) and an orc (strong).

Vanquished Creatures
  Jorgrun (Orc:2)
  Gastronok (D:12)
  Azrael (D:12)
  Snorg (Orc:1)
  Josephine (D:13)
  A great orb of eyes (D:12)
  An ice dragon (Lair:2)
  2 ogre magi
  Harold (Lair:1)
  3 boulder beetles
  10 hydras
  Erica (D:8)
  4 vault guards (D:14)
  5 centaur warriors
  5 death yaks
  11 two-headed ogres
  Urug (D:12)
  2 tengu warriors (D:13)
  A hell hog (Volcano)
  An orc high priest (Orc:2)
  Nergalle (Lair:1)
  Sonja (D:10)
  4 skeletal warriors (D:13)
  7 unseen horrors
  A wizard (D:12)
  An orc knight (Orc:1)
  A necromancer (IceCv)
  2 orc sorcerers (D:15)
  A wolf spider zombie (D:15)
  3 deep elf magi
  4 slime creatures (D:14)
  5 cyclopes
  4 ugly things
  A moth of wrath (D:15)
  5 oklob plants (Lair:1)
  3 salamanders (Volcano)
  4 elephants (Lair:4)
  3 manticores (D:12)
  A merfolk siren (Lair:4)
  2 centaur zombies
  2 ice statues (IceCv)
  A naga mage (D:15)
  7 black mambas
  2 gargoyles (D:12)
  3 rime drakes
  A torpor snail (Lair:6)
  27 cane toads
  12 komodo dragons
  2 kobold demonologists (D:13)
  7 ice devils (IceCv)
  A demonic crawler (D:15)
  8 trolls
  3 meliai (D:13)
  3 tyrant leeches (Lair:6)
  2 polar bears
  Prince Ribbit (D:6)
  3 hornets
  24 blink frogs
  A shadow (D:15)
  45 yaks
  Sigmund (D:3)
  7 wraiths
  6 fire elementals (D:12)
  A human (shapeshifter) (D:15)
  2 vampires
  A tarantella (shapeshifter) (D:13)
  8 humans (D:14)
  9 wyverns
  Grum (D:9)
  4 basilisks
  A redback simulacrum (D:15)
  6 vampire mosquitoes (Lair:6)
  Menkaure (D:6)
  5 wargs
  2 acid dragons (D:15)
  2 swamp worms (D:15)
  2 nagas (Lair:4)
  3 hell hounds
  15 water moccasins
  5 ice beasts
  7 sky beasts
  3 phantoms
  3 black bears
  3 eyes of draining
  7 ogres
  23 orc warriors
  17 wolves
  17 centaurs
  3 big kobolds
  Blork the orc (D:6)
  34 bullfrogs
  A gnoll sergeant (D:12)
  2 wyvern zombies
  A wyvern skeleton (D:7)
  6 scorpions
  6 killer bees
  20 wights
  6 electric eels
  3 howler monkeys (D:14)
  5 bullfrog zombies
  A wyvern simulacrum (D:14)
  2 quasits
  3 jellies
  A hound (D:9)
  28 orc priests
  4 bullfrog skeletons
  9 centaur skeletons
  4 iguanas
  14 orc wizards
  Natasha (thrice) (D:2)
  9 worker ants
  A spriggan simulacrum (IceCv)
  2 troll simulacra (IceCv)
  A centaur simulacrum (IceCv)
  9 mummies
  2 worker ant zombies
  4 gnolls (D:12)
  11 adders
  5 naga simulacra (IceCv)
  An ogre simulacrum (IceCv)
  2 shadow imps
  15 white imps
  An ufetubus (D:7)
  An ooze (D:1)
  3 worms
  A dart slug (D:1)
  7 leopard geckos
  70 orcs
  A ball python (D:4)
  6 bats
  5 giant cockroaches
  2 gnoll zombies (Ossuary)
  5 hobgoblins
  11 jackals
  4 quokkas
  6 frilled lizards
  6 goblins
  A hobgoblin zombie (Ossuary)
  A jackal zombie (D:4)
  17 kobolds
  A kobold zombie (Ossuary)
  4 orc zombies (Ossuary)
  A quokka zombie (D:5)
  4 rats
802 creatures vanquished.

Vanquished Creatures (others)
  A hell hog (Volcano)
  A salamander (Volcano)
  A cane toad (Lair:4)
  A slime creature (D:12)
  A basilisk (D:12)
  A centaur (Volcano)
  A jelly (D:12)
  3 orcs
  A bush (Lair:4)
  46 fungi
  148 plants
205 creatures vanquished.

Grand Total: 1007 creatures vanquished

Notes
Turn   | Place    | Note
-------+----------+-------------------------------------------
     0 | D:1      | night the Demonspawn Gladiator began the quest for the Orb.
     0 | D:1      | Reached XP level 1. HP: 16/16 MP: 1/1
   299 | D:1      | Reached skill level 3 in Unarmed Combat
   330 | D:1      | Gained mutation: You are partially covered in razor-sharp
                  | scales. (AC +1, Slay +1) [demonic ancestry]
   330 | D:1      | Reached XP level 2. HP: 23/23 MP: 2/2
   802 | D:1      | Gained mutation: When hurt, damage is shared between your
                  | health and your magic reserves. [demonic ancestry]
   802 | D:1      | Reached XP level 3. HP: 23/28 MP: 3/3
  1452 | D:2      | Noticed Natasha
  1467 | D:2      | Killed Natasha
  1468 | D:2      | Reached XP level 4. HP: 24/35 MP: 2/4
  1635 | D:2      | Noticed Natasha
  1653 | D:2      | Killed Natasha
  1654 | D:2      | Reached skill level 4 in Unarmed Combat
  1715 | D:2      | Noticed Natasha
  1733 | D:2      | Killed Natasha
  1734 | D:2      | Reached XP level 5. HP: 6/42 MP: 1/5
  2014 | D:2      | Found a faded altar of an unknown god.
  2029 | D:2      | Became a worshipper of Lugonu the Unformed
  2029 | D:2      | Reached * piety under Lugonu
  2029 | D:2      | Reached ** piety under Lugonu
  2210 | D:2      | Found a stormy altar of Qazlal.
  2292 | D:2      | Found a shimmering blue altar of Sif Muna.
  2294 | D:2      | Found a shadowy altar of Dithmenos.
  2295 | D:2      | Found a bloodstained altar of Trog.
  2572 | D:3      | Found a transporter.
  2630 | D:3      | Found a transporter.
  2778 | D:3      | Gained mutation: You have a pair of small antennae on your
                  | head. [demonic ancestry]
  2778 | D:3      | Reached XP level 6. HP: 35/49 MP: 4/6
  3022 | D:3      | Noticed Sigmund
  3038 | D:3      | Killed Sigmund
  3039 | D:3      | Reached skill level 5 in Fighting
  3039 | D:3      | Reached skill level 5 in Unarmed Combat
  3596 | D:4      | Gained mutation: You regenerate a little health from kills.
                  | [demonic ancestry]
  3596 | D:4      | Reached XP level 7. HP: 34/56 MP: 4/7
  4260 | D:4      | Reached skill level 6 in Unarmed Combat
  4733 | D:5      | Entered Level 5 of the Dungeon
  4817 | D:5      | Reached *** piety under Lugonu
  4934 | D:5      | Reached XP level 8. HP: 65/65 MP: 8/8
  5772 | D:6      | Found a sand-covered staircase.
  5783 | Ossuary  | Entered an ossuary
  5805 | Ossuary  | Reached skill level 7 in Unarmed Combat
  6134 | D:6      | Noticed Prince Ribbit
  6638 | D:6      | Reached **** piety under Lugonu
  7010 | D:6      | Reached skill level 8 in Unarmed Combat
  7042 | D:6      | Noticed a two-headed ogre
  7050 | D:6      | Killed a two-headed ogre
  7051 | D:6      | Gained mutation: You regenerate magic rapidly. [demonic
                  | ancestry]
  7051 | D:6      | Reached XP level 9. HP: 39/76 MP: 4/9
  7387 | D:6      | Noticed Blork the orc
  7397 | D:6      | Killed Blork the orc
  7398 | D:6      | Reached skill level 9 in Unarmed Combat
  7566 | D:6      | Found a runed translucent door.
  7568 | D:6      | Found a shimmering altar of Xom.
  7568 | D:6      | Noticed roguesci's ghost (novice VSTm)
  7568 | D:6      | Noticed a +2 long sword of chaos
  7659 | D:6      | Found a staircase to the Ecumenical Temple.
  7717 | D:6      | Killed Prince Ribbit
  7718 | D:6      | Noticed Menkaure
  7722 | D:6      | Killed Menkaure
  7935 | D:6      | Reached skill level 10 in Fighting
  8813 | D:7      | Gained mutation: You have a pair of antennae on your head.
                  | [demonic ancestry]
  8813 | D:7      | Reached XP level 10. HP: 83/86 MP: 8/10
  8983 | D:8      | Found a basalt altar of Yredelemnul.
  9001 | D:8      | Noticed a two-headed ogre
  9009 | D:8      | Killed a two-headed ogre
  9010 | D:8      | Reached skill level 10 in Unarmed Combat
  9252 | D:8      | Found Akea's Armour Boutique.
  9260 | D:8      | Bought a +3 scale mail of fire resistance for 312 gold
                  | pieces
  9634 | D:8      | Noticed Erica
  9645 | D:8      | Killed Erica
 10131 | D:9      | Noticed Grum
 10168 | D:9      | Killed Grum
 10478 | D:9      | Reached skill level 11 in Unarmed Combat
 11340 | D:9      | Found a shimmering blue altar of Sif Muna.
 11479 | D:10     | Entered Level 10 of the Dungeon
 11488 | D:10     | Killed an unseen horror
 11512 | D:10     | Reached XP level 11. HP: 62/94 MP: 9/11
 11729 | D:10     | Found a runed translucent door.
 11729 | D:10     | Noticed a sixfirhy
 12114 | D:10     | Found Ydwol's Antique Armour Emporium.
 12122 | D:10     | Bought a glowing hat for 161 gold pieces
 12205 | D:10     | Found a shadowy altar of Dithmenos.
 12450 | D:10     | Reached skill level 12 in Unarmed Combat
 12601 | D:10     | Noticed Sonja
 12606 | D:10     | Cast into level 2 of the Abyss (Sonja)
 12611 | D:10     | Escaped the Abyss
 12612 | D:10     | Killed Sonja
 13507 | D:11     | Noticed a cyan ugly thing
 13529 | D:10     | Killed a cyan ugly thing
 13607 | D:11     | Found a staircase to the Lair.
 13610 | D:11     | Noticed a two-headed ogre
 13618 | D:11     | Killed a two-headed ogre
 13715 | D:11     | Reached skill level 13 in Unarmed Combat
 14052 | D:11     | Noticed a six-headed hydra
 14060 | D:11     | Killed a six-headed hydra
 14722 | D:11     | Reached skill level 1 in Invocations
 14759 | D:11     | Got a transparent robe
 14769 | D:11     | Identified the +1 robe of Polytheism {Dex+9} (You found it
                  | on level 11 of the Dungeon)
 15113 | Lair:1   | Entered Level 1 of the Lair of Beasts
 15113 | Lair:1   | Noticed an oklob plant
 15150 | Lair:1   | Noticed Nergalle
 15161 | Lair:1   | Killed Nergalle
 15162 | Lair:1   | Gained mutation: You are mostly covered in razor-sharp
                  | scales. (AC +2, Slay +2) [demonic ancestry]
 15162 | Lair:1   | Reached XP level 12. HP: 100/103 MP: 11/13
 15173 | Lair:1   | Found a dark tunnel.
 15185 | Volcano  | Entered a volcano
 15224 | Volcano  | Noticed a hell hog
 15233 | Volcano  | Killed a hell hog
 15245 | Volcano  | Gained mutation: Your spells are a little harder to cast,
                  | but a little more powerful. [potion of mutation]
 15245 | Volcano  | Gained mutation: Your flesh is cold resistant. (rC+)
                  | [potion of mutation]
 15245 | Volcano  | Gained mutation: Your spells are harder to cast, but more
                  | powerful. [potion of mutation]
 15419 | Volcano  | Noticed a hell hog
 15426 | Volcano  | Killed a hell hog
 15823 | Lair:1   | Noticed a four-headed hydra
 15841 | Lair:1   | Reached ***** piety under Lugonu
 15850 | Lair:1   | Killed a four-headed hydra
 16607 | Lair:1   | Reached skill level 14 in Unarmed Combat
 16963 | Lair:1   | Reached skill level 5 in Invocations
 17419 | Lair:1   | Noticed Harold
 17434 | Lair:1   | Killed Harold
 17919 | Lair:2   | Found a broken altar of Ashenzari.
 18167 | Lair:2   | Got a faintly glowing scale mail
 18177 | Lair:2   | Identified the +1 scale mail of a wizard's laboratory {rC+
                  | Int-3 Slay+2 SInv} (You found it on level 2 of the Lair of
                  | Beasts)
 18233 | Lair:2   | Noticed an eight-headed hydra
 18245 | Lair:2   | Killed an eight-headed hydra
 18290 | Lair:2   | Noticed a boulder beetle
 18310 | Lair:2   | Killed a boulder beetle
 18593 | Lair:2   | Noticed an ice dragon
 18619 | Lair:2   | Killed an ice dragon
 20607 | Lair:3   | Gained mutation: You have a pair of large antennae on your
                  | head. (SInv) [demonic ancestry]
 20607 | Lair:3   | Reached XP level 13. HP: 111/111 MP: 18/18
 21306 | Lair:4   | Reached skill level 1 in Bows
 21357 | Lair:4   | Reached skill level 15 in Unarmed Combat
 22649 | Lair:4   | Found a staircase to the Snake Pit.
 22813 | Lair:4   | Found a staircase to the Shoals.
 24517 | Lair:6   | Entered Level 6 of the Lair of Beasts
 25575 | Lair:6   | Gained mutation: You regenerate health from kills. [demonic
                  | ancestry]
 25575 | Lair:6   | Reached XP level 14. HP: 105/120 MP: 19/21
 25830 | Lair:6   | HP: 6/121 [black mamba (9)]
 26005 | Lair:6   | Reached skill level 10 in Invocations
 26120 | Lair:6   | Reached skill level 16 in Unarmed Combat
 26508 | Lair:6   | Reached skill level 5 in Bows
 26718 | Lair:6   | Found a runed translucent door.
 26718 | Lair:6   | Found a viscous altar of Jiyva.
 27202 | Lair:6   | Found a staircase to the Slime Pits.
 27495 | Lair:6   | Found the +5 scythe "Finisher" {speed, eviscerate}
 28033 | D:12     | Noticed Nessos
 28055 | D:12     | Banished Nessos
 28185 | D:12     | Reached skill level 15 in Fighting
 28355 | D:12     | Noticed Azrael
 28528 | D:12     | Killed Azrael
 29303 | D:12     | Noticed Urug
 29319 | D:12     | Killed Urug
 29329 | D:12     | Noticed Gastronok
 29344 | D:12     | Killed Gastronok
 29345 | D:12     | Reached skill level 17 in Unarmed Combat
 29345 | D:12     | Gained mutation: You are robust. (+10% HP) [demonic
                  | ancestry]
 29345 | D:12     | Reached XP level 15. HP: 69/141 MP: 17/22
 29779 | D:12     | Found a staircase to the Orcish Mines.
 29920 | D:12     | Found a runed translucent door.
 29920 | D:12     | Found a runed translucent door.
 29944 | D:12     | Found a runed translucent door.
 29945 | D:12     | Found a runed translucent door.
 29945 | D:12     | Found a runed translucent door.
 30251 | D:13     | Got an ichor-stained ring mail
 30261 | D:13     | Identified the +5 ring mail "Koiw" {Int+3} (You found it on
                  | level 13 of the Dungeon)
 30527 | D:13     | Reached skill level 1 in Armour
 30815 | D:13     | Noticed Josephine
 30827 | D:13     | Killed Josephine
 32473 | D:14     | Found a bloodstained altar of Trog.
 33482 | D:14     | Reached ****** piety under Lugonu
 33495 | D:14     | Found a gate to the Vaults.
 33854 | D:15     | Entered Level 15 of the Dungeon
 34000 | D:15     | Found a frozen archway.
 34016 | IceCv    | Entered an ice cave
 34353 | IceCv    | Got a shimmering cloak
 34358 | IceCv    | Identified the +0 cloak of Poor Excuses {Int+6} (You found
                  | it in an ice cave)
 34380 | IceCv    | Got a slimy glaive
 34380 | IceCv    | Identified the cursed +0 glaive "Zeped" {vorpal, rC+} (You
                  | found it in an ice cave)
 34658 | D:15     | Got a transparent steel ring
 34660 | D:15     | Identified the ring "Wecleud" {rElec rC++ MP+9 Int-2} (You
                  | found it on level 15 of the Dungeon)
 34946 | D:15     | Paralysed by an orc sorcerer for 6 turns
 34984 | D:15     | Reached XP level 16. HP: 138/150 MP: 23/23
 34999 | D:15     | Reached skill level 5 in Dodging
 35116 | D:15     | Found a staircase to the Depths.
 35327 | D:15     | Reached skill level 18 in Unarmed Combat
 35864 | Orc:1    | Entered Level 1 of the Orcish Mines
 35864 | Orc:1    | Found a radiant altar of Vehumet.
 36104 | Orc:1    | Noticed Snorg
 36128 | Orc:1    | Killed Snorg
 36476 | Orc:2    | Entered Level 2 of the Orcish Mines
 36476 | Orc:2    | Found a staircase to the Elven Halls.
 36716 | Orc:2    | Found a runed translucent door.
 36756 | Orc:2    | Found the +10 tower shield of Ignorance {rN+ Int-4}
 36783 | Orc:2    | Found a runed translucent door.
 36810 | Orc:2    | Found Vacod's General Store.
 37004 | Orc:2    | Noticed Jorgrun
 37025 | Orc:2    | Killed Jorgrun
 37116 | Orc:2    | HP: 4/151 [orc warrior/+0 scimitar (21)]
 37116 | Orc:2    | Mangled by a sun demon

Illustrated notes

Levels and vault maps discovered:
D:1:      ebering_hopf_link, layout_loops_ring, minmay_tall_x
D:2:      layout_loops_ring, minitemple, chequers_ecumenical_altar_simple_redux,
          uniq_natasha
D:3:      gammafunk_steamed_eel, layout_rooms, uniq_sigmund
D:4:      layout_basic, serial_forest, infiniplex_forest_lined_room_,
          infiniplex_forest_lined_room_3, infiniplex_forest_corner_1,
          infiniplex_forest_lined_3, infiniplex_forest_straight_4,
          kennysheep_generic_room_3
D:5:      layout_basic
D:6:      layout_basic, minmay_temple_entry_fiery, gup_ossuary_entry_pyramid,
          ebering_ghost_xom, hangedman_minor_gate_pass, uniq_prince_ribbit1,
          uniq_menkaure, uniq_blork_the_orc
D:7:      layout_basic
D:8:      layout_loops_cross, basic_altar, serial_shops, nicolae_shop_stone,
          uniq_erica
D:9:      layout_basic, led_sif_book, uniq_grum
D:10:     cheibrodos_shockbox, layout_irregular_city, serial_shops, shop,
          serial_rivers, chequers_serial_rivers_large_a,
          chequers_serial_rivers_micro_b, chequers_serial_rivers_micro_d,
          chequers_serial_rivers_micro_c, grunt_dithmenos_shadows, uniq_sonja
D:11:     layout_stronghold, minmay_lair_entry_grove
D:12:     minmay_the_grid_triangle_9x9_rhombus_full_mashed
          [minmay_the_grid_triangle_9x9_zippers_horizontal,
          minmay_the_grid_triangle_9x9_empty,
          minmay_the_grid_triangle_9x9_descending_squares,
          minmay_the_grid_triangle_9x9_skeleton,
          minmay_the_grid_triangle_9x9_flanged_cone,
          minmay_the_grid_triangle_9x9_tough_junction,
          minmay_the_grid_triangle_9x9_fully_insulated_deathbox,
          minmay_the_grid_triangle_9x9_prize_insulated], layout_cross,
          orc_0_dummy, uniq_urug, uniq_nessos, uniq_gastronok, uniq_azrael
D:13:     cheibrodos_elevator_heist, layout_basic, uniq_josephine
D:14:     layout_rooms, ximxim_vaults_locker_room, basic_altar
D:15:     grunt_enter_depths_magical_seal, layout_basic,
          portal_ice_cave_entry_imps, worms_lemuel
Lair:1:   layout_concentric_octagons, serial_bayou, serial_bayou_shore_b,
          serial_bayou_pond_d, serial_bayou_pond_a, serial_bayou_crossing,
          enter_volcano_2, dpeg_stationary_puzzle, minmay_lair_oklob_chamber,
          uniq_nergalle, uniq_harold
Lair:2:   dragon1_lemuel, layout_hall_layers, basic_altar
Lair:3:   layout_roguey, grunt_forest_small_clearings
Lair:4:   layout_regular_city, minmay_shoals_entry_lonely_mermaid,
          guppyfry_snake_entry_island, small_statue_intersection
Lair:5:   layout_small_grid
Lair:6:   minmay_lair_end_frog_pond, layout_long_grid, slime_altar_2
Orc:1:    layout_caves, basic_altar, uniq_snorg
Orc:2:    st_orc_pillars, layout_diamond_mine, serial_shops,
          nicolae_shop_behind_doors, chequers_guarded_unrand_ignorance,
          uniq_jorgrun

Skill      XL: |  1  2  3  4  5  6  7  8  9 10 11 12 13 14 15 16 |
---------------+-------------------------------------------------+-----
Unarmed Combat | 3 4 5 6 8 9 11 13 14 15 17 18 | 18.1
Fighting       | 3 4 5 6 9 10 11 12 13 14 15 | 15.9
Invocations    | 2 7 9 10 | 10.0
Bows           | 4 6 8 |  8.6
Armour         | 3 4 |  4.7
Dodging        | 4 5 |  5.5
Throwing       | |  1.7

Action                   |  1- 3 |  4- 6 |  7- 9 | 10-12 | 13-15 | 16-18 || total
-------------------------+-------+-------+-------+-------+-------+-------++-------
Melee: Unarmed           |   123 |   183 |   520 |   728 |  1651 |   280 ||  3485
       Punch             |     3 |     5 |    29 |    41 |   154 |    21 ||   253
 Fire: Hunting sling     |       |     2 |       |       |       |       ||     2
       Longbow           |       |       |       |    25 |   184 |     8 ||   217
       Shortbow          |       |       |       |     2 |       |       ||     2
Throw: Boomerang         |       |       |       |       |     6 |       ||     6
       Throwing net      |       |       |       |       |     3 |       ||     3
Invok: Bend Space        |       |     1 |       |     2 |     1 |       ||     4
       Banish            |       |       |     1 |       |    17 |       ||    18
       Depart the Abyss  |       |       |       |     1 |       |       ||     1
Evoke: Wand              |       |     3 |     9 |    19 |     5 |     1 ||    37
       Tin of tremorston |       |       |       |     2 |       |       ||     2
       Phial of floods   |       |       |       |       |     2 |       ||     2
  Use: Scroll            |     1 |       |    22 |     4 |    10 |       ||    37
       Potion            |       |       |       |     4 |     6 |     3 ||    13
 Stab: Sleeping          |     1 |       |       |       |       |       ||     1
       Invisible         |       |       |       |     3 |     1 |       ||     4
Armor: Leather armour    |     8 |       |       |       |       |       ||     8
       Scale mail        |    42 |    61 |   127 |   267 |   399 |       ||   896
       Ring mail         |       |       |       |       |   252 |       ||   252
       Plate armour      |       |       |       |       |    46 |   199 ||   245
Dodge: Dodged            |    65 |    90 |   242 |   427 |  1088 |   121 ||  2033
